[Event "RUS-ch Women Blitz 2019"]
[Site "Sochi"]
[Date "2019.10.17"]
[Round "1.1"]
[White "Bodnaruk, Anastasia"]
[Black "Trapeznikova, Darya"]
[Result "1-0"]
[ECO "C78"]
[WhiteElo "2419"]
[BlackElo "2065"]
[Annotator "NA RC"]
[PlyCount "88"]
[EventDate "2019.10.17"]
[EventType "swiss"]
[EventCountry "RUS"]
[SourceTitle "playchess.com"]
[Source "ChessBase"]
[SourceQuality "1"]
[TimeControl "180+2"]

1. e4 e5 2. Nf3 Nc6 3. Bb5 a6 4. Ba4 Nf6 5. O-O b5 6. Bb3 Bb7 7. Re1 Bc5 8. c3 d6 9. d4 Bb6 10. Be3 O-O 11. Nbd2 h6 12. h3 Re8 13. d5 Ne7 14. Bxb6 cxb6 15. Bc2 Ng6 16. Bd3 Nd7 17. g3 Nc5 18. Bf1 Rc8 19. Rc1 Qd7 20. Qc2 a5 21. Bg2 Ba6 22. Nf1 b4 23. c4 b5 24. Ne3 bxc4 25. Nxc4 Na4 26. Nfd2 Rc5 27. b3 Nc3 28. a4 Ne7 29. f4 exf4 30. gxf4 Ng6 31. f5 Ne5 32. Nf3 Nxc4 33. bxc4 Bxc4 34. Qd2 Nxa4 35. Nd4 Ba6 36. Nc6 Rxc1 37. Rxc1 Bb5 38. Nd4 Nc3 39. Kh2 Qa7 40. f6 a4 41. Qf2 Nxe4 42. Bxe4 Rxe4 43. Qg2 g6 44. Qxe4 a3 1-0

[Event "RUS-ch Women Blitz 2019"]
[Site "Sochi"]
[Date "2019.10.20"]
[Round "1.2"]
[White "Absalyamova, Karina"]
[Black "Vifleemskaia, Svetlana"]
[Result "0-1"]
[ECO "A34"]
[WhiteElo "1945"]
[BlackElo "1978"]
[Annotator "NA"]
[PlyCount "88"]
[EventDate "2019.10.17"]
[EventType "swiss"]
[EventCountry "RUS"]
[SourceTitle "playchess.com"]
[Source "ChessBase"]
[SourceQuality "1"]
[TimeControl "180+2"]

1. c4 c5 2. Nc3 Nf6 3. e4 Nc6 4. g3 g6 5. Bg2 Bg7 6. d3 O-O 7. Nge2 d6 8. O-O Ne8 9. Be3 Nd4 10. h3 Nc7 11. Kh2 Rb8 12. a4 b6 13. f4 f5 14. Rc1 a6 15. Bxd4 cxd4 16. Nd5 e6 17. Nb4 Bd7 18. b3 a5 19. Nc2 e5 20. Qe1 Na6 21. Qf2 Nc5 22. Qf3 fxe4 23. dxe4 d3 24. Qe3 dxe2 25. Qxe2 Nxb3 26. Rb1 Nc5 27. Rbd1 Bxa4 28. Rd5 Bxc2 29. Qxc2 Ne6 30. Rfd1 Nd4 31. Qa4 Qe8 32. Qa2 Qc6 33. fxe5 dxe5 34. c5 Kh8 35. cxb6 Qxb6 36. Qa3 Qb4 37. Qa1 a4 38. Qc1 a3 39. Qc7 Rb7 40. Qc1 a2 41. Bf1 Qb2+ 42. Qxb2 Rxb2+ 43. Kg1 Rb1 44. Rxb1 axb1=Q 0-1

[Event "RUS-ch Women Blitz 2019"]
[Site "Sochi"]
[Date "2019.10.17"]
[Round "1.3"]
[White "Maltsevskaya, Aleksandra"]
[Black "Serditykh, Olesya"]
[Result "1-0"]
[ECO "C00"]
[WhiteElo "2333"]
[BlackElo "1990"]
[Annotator "NA"]
[PlyCount "46"]
[EventDate "2019.10.17"]
[EventType "swiss"]
[EventCountry "RUS"]
[SourceTitle "playchess.com"]
[Source "ChessBase"]
[SourceQuality "1"]
[TimeControl "180+2"]

1. e4 e6 2. d3 c5 3. g3 Nc6 4. Bg2 g6 5. Nf3 Bg7 6. O-O Nge7 7. Nbd2 O-O 8. Re1 d6 9. Nc4 b5 10. Ne3 Rb8 11. a4 a6 12. axb5 axb5 13. h4 e5 14. h5 Nd4 15. c3 Ne6 16. hxg6 hxg6 17. Kh2 f5 18. Nd5 f4 19. Nh4 Nxd5 20. exd5 Ng5 21. gxf4 exf4 22. Ra7 f3 23. Nxg6 Rf6 1-0

[Event "RUS-ch Women Blitz 2019"]
[Site "Sochi"]
[Date "2019.10.20"]
[Round "1.4"]
[White "Baiburina, Kamilla"]
[Black "Zavivaeva, Evelina"]
[Result "0-1"]
[ECO "C50"]
[WhiteElo "1966"]
[BlackElo "1305"]
[Annotator "NA"]
[PlyCount "58"]
[EventDate "2019.10.17"]
[EventType "swiss"]
[EventCountry "RUS"]
[SourceTitle "playchess.com"]
[Source "ChessBase"]
[SourceQuality "1"]
[TimeControl "180+2"]

1. e4 e5 2. Nf3 Nc6 3. d4 exd4 4. Bc4 Be7 5. c3 dxc3 6. Qd5 Nh6 7. Bxh6 O-O 8. Nxc3 gxh6 9. Qh5 Bf6 10. e5 Bg7 11. O-O d6 12. Rad1 Qe7 13. Nd5 Qd8 14. exd6 cxd6 15. b3 Be6 16. Ne3 Bxc4 17. Nxc4 d5 18. Rxd5 Qf6 19. Rf5 Qg6 20. Qxg6 hxg6 21. Rd5 Kh7 22. Nd6 Rad8 23. Rfd1 Rd7 24. Nxb7 Rxb7 25. Rd6 Ne5 26. Nxe5 Bxe5 27. g3 Bxd6 28. Rxd6 Rc8 29. Kg2 Rc2 0-1

[Event "RUS-ch Women Blitz 2019"]
[Site "Sochi"]
[Date "2019.10.17"]
[Round "1.5"]
[White "Ambartsumova, Karina"]
[Black "Belkova, Diana"]
[Result "1-0"]
[ECO "A35"]
[WhiteElo "2341"]
[BlackElo "2030"]
[Annotator "NA"]
[PlyCount "55"]
[EventDate "2019.10.17"]
[EventType "swiss"]
[EventCountry "RUS"]
[SourceTitle "playchess.com"]
[Source "ChessBase"]
[SourceQuality "1"]
[TimeControl "180+2"]

1. Nf3 Nf6 2. c4 c5 3. Nc3 Nc6 4. d4 cxd4 5. Nxd4 d6 6. g3 g6 7. Bg2 Bd7 8. O-O Bg7 9. Nc2 Qc8 10. Re1 Bh3 11. Bh1 h5 12. Nd5 h4 13. Bg5 hxg3 14. hxg3 Nxd5 15. cxd5 Ne5 16. Ne3 Ng4 17. Qa4+ Kf8 18. Rac1 Nxe3 19. Rxc8+ Rxc8 20. Bxe3 Be5 21. Rc1 Kg7 22. Bg2 Bf5 23. Rxc8 Rxc8 24. Bd4 Rc1+ 25. Kh2 f6 26. Bxe5 fxe5 27. Qxa7 Kf6 28. Qxb7 1-0

[Event "RUS-ch Women Blitz 2019"]
[Site "Sochi"]
[Date "2019.10.20"]
[Round "1.6"]
[White "But, Svetlana"]
[Black "Ovod, Evgenija"]
[Result "1-0"]
[ECO "A60"]
[WhiteElo "1947"]
[BlackElo "2347"]
[Annotator "NA"]
[PlyCount "107"]
[EventDate "2019.10.17"]
[EventType "swiss"]
[EventCountry "RUS"]
[SourceTitle "playchess.com"]
[Source "ChessBase"]
[SourceQuality "1"]
[TimeControl "180+2"]

1. d4 Nf6 2. c4 c5 3. d5 e6 4. dxe6 fxe6 5. Nc3 d5 6. cxd5 exd5 7. e3 Nc6 8. Bb5 Be7 9. Nf3 O-O 10. O-O Bg4 11. Be2 a6 12. h3 Bh5 13. a4 Qd6 14. Qb3 Na5 15. Qd1 Rad8 16. Nh4 Bxe2 17. Qxe2 Qe5 18. Nf3 Qf5 19. Nh4 Qe6 20. Nf3 Bd6 21. Rd1 Bb8 22. Qc2 h6 23. Ne2 Ne4 24. Nc3 Nc6 25. Bd2 Nb4 26. Qb1 Nc6 27. Be1 Nf6 28. Qc2 Ne5 29. Nxe5 Qxe5 30. g3 Nh7 31. Qb3 c4 32. Qxb7 Rf7 33. Qc6 Rf6 34. Qc5 Ng5 35. Rxd5 Nf3+ 36. Kg2 Nxe1+ 37. Rxe1 Qe6 38. Rxd8+ Kh7 39. Qd5 Qe7 40. Rd7 Qf8 41. Rd8 Rxf2+ 42. Kg1 Qf6 43. Ne4 Qf3 44. Nxf2 Qxg3+ 45. Qg2 Qe5 46. Rd7 Bd6 47. Qe4+ Kg8 48. Qxe5 Bxe5 49. Re7 Bxb2 50. Re6 c3 51. Rc6 a5 52. Nd3 Kf7 53. Nxb2 cxb2 54. Rb1 1-0

[Event "RUS-ch Women Blitz 2019"]
[Site "Sochi"]
[Date "2019.10.20"]
[Round "1.11"]
[White "Guseva, Marina"]
[Black "Yakimova, Mariya"]
[Result "1-0"]
[ECO "A90"]
[WhiteElo "2366"]
[BlackElo "2276"]
[Annotator "NA"]
[PlyCount "157"]
[EventDate "2019.10.17"]
[EventType "swiss"]
[EventCountry "RUS"]
[SourceTitle "playchess.com"]
[Source "ChessBase"]
[SourceQuality "1"]
[TimeControl "180+2"]

1. d4 f5 2. c4 Nf6 3. g3 e6 4. Bg2 d5 5. Nh3 c6 6. Qc2 Bd6 7. O-O O-O 8. Bf4 Be7 9. Nd2 h6 10. Bxb8 Rxb8 11. Nf4 Ne4 12. Nf3 Bf6 13. Ng6 Re8 14. Nge5 g5 15. Rad1 Bd7 16. e3 Rf8 17. Nd3 Be8 18. Nfe5 Nd6 19. c5 Nf7 20. f3 Qc7 21. Ng6 e5 22. Nxf8 Kxf8 23. e4 exd4 24. exf5 Bd7 25. Bh3 Re8 26. f4 Re3 27. fxg5 Nxg5 28. Bg2 Ne4 29. Nf4 Kf7 30. Ne6 Qe5 31. Nxd4 Be7 32. b4 Ng5 33. Qf2 Bf6 34. Rfe1 Rxe1+ 35. Rxe1 Qxd4 36. Kf1 Qxf2+ 37. Kxf2 Bxf5 38. Ke3 Bc3 39. Rf1 Kg6 40. a3 Bb2 41. h4 Ne6 42. h5+ Kg5 43. b5 Bd4+ 44. Kd2 Nxc5 45. bxc6 bxc6 46. Bf3 Nb3+ 47. Kd1 Bd3 48. Be2 Bf5 49. Rf4 Be5 50. Rb4 Nd4 51. g4 Kf4 52. Ra4 Ke3 53. gxf5 Nxf5 54. Bg4 Ng3 55. Rxa7 d4 56. Re7 Kf4 57. Be2 c5 58. a4 Ne4 59. Bd3 Nc3+ 60. Kc2 Nd5 61. Rf7+ Ke3 62. Bc4 Nb4+ 63. Kb3 d3 64. Rd7 d2 65. Be6 Bd4 66. Bg4 Kf2 67. a5 Ke1 68. Rxd4 cxd4 69. Kxb4 d3 70. a6 d1=Q 71. Bxd1 Kxd1 72. a7 d2 73. a8=Q Ke1 74. Qh1+ Ke2 75. Qg2+ Ke1 76. Qe4+ Kf1 77. Qf3+ Ke1 78. Qe3+ Kd1 79. Qxh6 1-0

[Event "RUS-ch Women Blitz 2019"]
[Site "Sochi"]
[Date "2019.10.17"]
[Round "1.11"]
[White "Chernyak, Viktoria"]
[Black "Pavlova, Natalia"]
[Result "1-0"]
[ECO "A04"]
[WhiteElo "2284"]
[BlackElo "1947"]
[Annotator "NA"]
[PlyCount "67"]
[EventDate "2019.10.17"]
[EventType "swiss"]
[EventCountry "RUS"]
[SourceTitle "playchess.com"]
[Source "ChessBase"]
[SourceQuality "1"]
[TimeControl "180+2"]

1. Nf3 c5 2. c4 Nc6 3. Nc3 g6 4. e3 Bg7 5. d4 d6 6. d5 Ne5 7. Nxe5 Bxe5 8. Bd3 Bg7 9. O-O Nf6 10. e4 O-O 11. h3 e5 12. dxe6 Bxe6 13. Bf4 Nd7 14. Rc1 Ne5 15. b3 Nc6 16. Nb5 Nd4 17. Nxd6 Qd7 18. e5 h6 19. Ne4 Kh8 20. Nxc5 Qc6 21. Nxe6 Nxe6 22. Bg3 Rad8 23. Qe2 Nc5 24. Bb1 Rfe8 25. Kh2 Nd7 26. f4 Nc5 27. Rfd1 Ne6 28. Rxd8 Rxd8 29. Rd1 Nd4 30. Qe1 g5 31. fxg5 hxg5 32. Be4 Qe6 33. Bxb7 Nf5 34. Rxd8+ 1-0

[Event "RUS-ch Women Blitz 2019"]
[Site "Sochi"]
[Date "2019.10.17"]
[Round "1.12"]
[White "Lysenko, Maria"]
[Black "Murashova, Ekaterina"]
[Result "1/2-1/2"]
[ECO "D02"]
[WhiteElo "1986"]
[BlackElo "2248"]
[Annotator "NA"]
[PlyCount "63"]
[EventDate "2019.10.17"]
[EventType "swiss"]
[EventCountry "RUS"]
[SourceTitle "playchess.com"]
[Source "ChessBase"]
[SourceQuality "1"]
[TimeControl "180+2"]

1. Nf3 d5 2. d4 Nf6 3. c4 e6 4. e3 Be7 5. Nc3 O-O 6. Bd3 dxc4 7. Bxc4 a6 8. a4 c5 9. O-O Nc6 10. dxc5 Bxc5 11. Qe2 Qe7 12. e4 Rd8 13. Bg5 h6 14. Bh4 g5 15. Bg3 Nd4 16. Nxd4 Bxd4 17. Kh1 Qc5 18. f4 Nh7 19. e5 Bxc3 20. bxc3 Bd7 21. Bd3 Be8 22. Qe4 Nf8 23. fxg5 hxg5 24. h4 Bc6 25. Qe2 Qxc3 26. Qh5 Qxd3 27. Qxf7+ Kh8 28. Qf6+ Kg8 29. Qf7+ Kh8 30. Qf6+ Kh7 31. Qf7+ Kh8 32. Qf6+ 1/2-1/2

[Event "RUS-ch Women Blitz 2019"]
[Site "Sochi"]
[Date "2019.10.17"]
[Round "2.1"]
[White "Afonasieva, Anna"]
[Black "Bodnaruk, Anastasia"]
[Result "1-0"]
[ECO "E63"]
[WhiteElo "2312"]
[BlackElo "2419"]
[Annotator "NA"]
[PlyCount "117"]
[EventDate "2019.10.17"]
[EventType "swiss"]
[EventCountry "RUS"]
[SourceTitle "playchess.com"]
[Source "ChessBase"]
[SourceQuality "1"]
[TimeControl "180+2"]

1. d4 Nf6 2. Nf3 g6 3. c4 Bg7 4. g3 O-O 5. Bg2 d6 6. O-O Nc6 7. Nc3 a6 8. h3 Rb8 9. e4 b5 10. cxb5 axb5 11. d5 Na5 12. b4 Nc4 13. Nd4 Bd7 14. a4 bxa4 15. b5 Nb6 16. Qd3 e6 17. Nxa4 exd5 $11 18. Nxb6 dxe4 19. Qc4 Rxb6 20. Bg5 d5 21. Qc5 h6 22. Bf4 Ne8 23. Qxd5 Nd6 24. Rac1 Re8 25. Rfd1 g5 26. Be3 Bxb5 27. Nf5 Rb8 28. Nxd6 Qxd6 29. Qxd6 cxd6 30. Rxd6 Bd3 31. Rd7 Rb1 32. Rxb1 Bxb1 33. h4 g4 34. Bf1 Ba2 35. h5 Rb8 36. Be2 Be6 37. Rc7 Rb2 38. Bf1 Rb1 39. Kg2 Ra1 40. Rb7 Rd1 41. Be2 Ra1 42. Rb8+ Kh7 43. Rb7 Ra2 44. Bf1 Be5 45. Rb4 Kg7 46. Kg1 Rc2 47. Rxe4 Ra2 48. Rxe5 Ra1 49. Kg2 Kg8 50. Bd3 Ra2 51. Bf5 Bc4 52. Bxg4 Kg7 53. Bf3 f6 54. Re7+ Kf8 55. Rc7 Be6 56. Bxh6+ Kg8 57. Be3 Rb2 58. h6 Kh8 59. Bd4 1-0

[Event "RUS-ch Women Blitz 2019"]
[Site "Sochi"]
[Date "2019.10.17"]
[Round "2.2"]
[White "Voit, Daria"]
[Black "Fominykh, Maria"]
[Result "1-0"]
[ECO "E61"]
[WhiteElo "2336"]
[BlackElo "2206"]
[Annotator "NA"]
[PlyCount "93"]
[EventDate "2019.10.17"]
[EventType "swiss"]
[EventCountry "RUS"]
[SourceTitle "playchess.com"]
[Source "ChessBase"]
[SourceQuality "1"]
[TimeControl "180+2"]

1. d4 d6 2. Nf3 Nf6 3. c4 g6 4. Nc3 Bg7 5. Bg5 h6 6. Bh4 O-O 7. h3 Nc6 8. e3 Bf5 9. Bd3 Bxd3 10. Qxd3 e5 11. O-O Qe8 12. Bxf6 Bxf6 13. Nd5 Bd8 14. dxe5 Nxe5 15. Nxe5 dxe5 16. Rad1 c6 17. Nc3 Bb6 18. Ne4 Qe7 19. Qd7 Qxd7 20. Rxd7 Rab8 21. c5 Bd8 22. Nd6 b6 23. Rxa7 bxc5 24. b3 Bb6 25. Ra6 Rfd8 26. Nc4 Bc7 27. Rxc6 Rd7 28. Rxc5 e4 29. g3 h5 30. Rc1 Rbd8 31. Kg2 Bb8 32. a4 h4 33. gxh4 f5 34. a5 f4 35. exf4 Bxf4 36. Re1 Rd3 37. Rxe4 Bb8 38. b4 Ba7 39. Rc7 Bd4 40. Rf4 Rc3 41. Rc6 Ba7 42. b5 Rd2 43. Rxg6+ Kh7 44. Rc6 Rdc2 45. Rc7+ Kg6 46. Ne5+ Kh5 47. Rh7# 1-0

[Event "RUS-ch Women Blitz 2019"]
[Site "Sochi"]
[Date "2019.10.20"]
[Round "2.2"]
[White "Kochukova, Anna"]
[Black "Dolinskaya, Mariia"]
[Result "1-0"]
[ECO "C07"]
[WhiteElo "2143"]
[BlackElo "1304"]
[Annotator "NA"]
[PlyCount "115"]
[EventDate "2019.10.17"]
[EventType "swiss"]
[EventCountry "RUS"]
[SourceTitle "playchess.com"]
[Source "ChessBase"]
[SourceQuality "1"]
[TimeControl "180+2"]

1. e4 e6 2. d4 d5 3. Nd2 c5 4. exd5 Qxd5 5. Ngf3 Nf6 6. Bc4 Qd8 7. O-O Be7 8. Nb3 cxd4 9. Nbxd4 O-O 10. c3 Nbd7 11. Re1 Nc5 12. Qe2 b6 13. Nc6 Qc7 14. Nxe7+ Qxe7 15. Bg5 Bb7 16. Nd4 Nce4 17. Bh4 Rac8 18. f3 Nc5 19. Nf5 Qc7 20. Bxf6 exf5 21. Be5 Qc6 22. b3 Rfe8 23. Qf2 Qg6 24. Rad1 Rcd8 25. Bd4 Ne6 26. Be3 f4 27. Bc1 Ng5 28. Kh1 Rxd1 29. Rxd1 Qf6 30. Re1 Rxe1+ 31. Qxe1 Qd8 32. Bxf4 h6 33. Qd2 Qxd2 34. Bxd2 Ne6 35. Kg1 Kf8 36. Kf2 Ke7 37. Be3 Nc5 38. Bxc5+ bxc5 39. Ke3 Kf6 40. a3 Ke7 41. b4 cxb4 42. cxb4 f6 43. Kd4 Kd6 44. a4 a6 45. b5 axb5 46. Bxb5 g5 47. a5 h5 48. a6 Ba8 49. Bd3 Kc7 50. Be4 Bxe4 51. Kxe4 Kb6 52. Kf5 Kxa6 53. Kxf6 g4 54. fxg4 hxg4 55. Kg5 Kb6 56. Kxg4 Kc6 57. Kf5 Kd5 58. h4 1-0

[Event "RUS-ch Women Blitz 2019"]
[Site "Sochi"]
[Date "2019.10.17"]
[Round "2.3"]
[White "Bogachkova, Alena"]
[Black "Maltsevskaya, Aleksandra"]
[Result "0-1"]
[ECO "B45"]
[WhiteElo "2060"]
[BlackElo "2333"]
[Annotator "NA"]
[PlyCount "42"]
[EventDate "2019.10.17"]
[EventType "swiss"]
[EventCountry "RUS"]
[SourceTitle "playchess.com"]
[Source "ChessBase"]
[SourceQuality "1"]
[TimeControl "180+2"]

1. e4 c5 2. Ne2 Nc6 3. Nbc3 e6 4. d4 cxd4 5. Nxd4 Nf6 6. Be3 Bb4 7. Bd3 d5 8. Nxc6 bxc6 9. e5 Nd7 10. Bf4 Qc7 11. Qe2 d4 12. a3 Qa5 13. O-O dxc3 14. axb4 Qxb4 15. Qg4 cxb2 16. Rae1 g6 17. Qg3 a5 18. c4 a4 19. Rb1 a3 20. Bc1 bxc1=Q 21. Rxb4 Qc3 0-1

[Event "RUS-ch Women Blitz 2019"]
[Site "Sochi"]
[Date "2019.10.17"]
[Round "2.4"]
[White "Dubnikova, Anastasia"]
[Black "Ambartsumova, Karina"]
[Result "1/2-1/2"]
[ECO "A41"]
[WhiteElo "2171"]
[BlackElo "2341"]
[Annotator "NA"]
[PlyCount "104"]
[EventDate "2019.10.17"]
[EventType "swiss"]
[EventCountry "RUS"]
[SourceTitle "playchess.com"]
[Source "ChessBase"]
[SourceQuality "1"]
[TimeControl "180+2"]

1. d4 d6 2. Nf3 g6 3. c4 Bg7 4. Nc3 e5 5. e4 Bg4 6. d5 Ne7 7. Be2 O-O 8. h3 Bxf3 9. Bxf3 Nd7 10. h4 h6 11. h5 g5 12. g4 Bf6 13. Be3 a5 14. O-O b6 15. Qc2 Nc5 16. b3 Bg7 17. a3 a4 18. bxa4 Nb7 19. Rab1 Qd7 20. Rb4 Ra6 21. Kg2 Rfa8 22. Kg3 Bf8 23. Rfb1 Nc8 24. Bd1 Qe7 25. Qd3 Qf6 26. Kg2 Nc5 27. Bxc5 dxc5 28. R4b2 Bd6 29. Qf3 Kg7 30. Qxf6+ Kxf6 31. Ne2 Ne7 32. Ng3 Kg7 33. Kf3 Kf6 34. Ke3 Kg7 35. Rb5 Kf6 36. Bc2 Kg7 37. R5b2 Kf6 38. Rf1 Kg7 39. Ke2 Kf6 40. Rd1 Kg7 41. Rd3 R6a7 42. Rf3 Ra6 43. Nf5+ Nxf5 44. Rxf5 f6 45. Rf3 Ra5 46. Rf5 Kf7 47. Kd3 Ke7 48. Kc3 Rf8 49. Rb1 Rfa8 50. Re1 R5a7 51. Re3 Rf8 52. Bb3 Ra5 1/2-1/2

[Event "RUS-ch Women Blitz 2019"]
[Site "Sochi"]
[Date "2019.10.20"]
[Round "2.4"]
[White "Sakorenko, Adriana"]
[Black "Chekina, Anastasiya"]
[Result "1-0"]
[ECO "A05"]
[WhiteElo "1824"]
[BlackElo "1050"]
[Annotator "NA"]
[PlyCount "56"]
[EventDate "2019.10.17"]
[EventType "swiss"]
[EventCountry "RUS"]
[SourceTitle "playchess.com"]
[Source "ChessBase"]
[SourceQuality "1"]
[TimeControl "180+2"]

1. Nf3 Nf6 2. g3 e6 3. Bg2 d5 4. d3 Bc5 5. O-O Nc6 6. c3 O-O 7. Nbd2 e5 8. e4 dxe4 9. dxe4 Re8 10. Qc2 Bg4 11. h3 Bh5 12. b4 Bb6 13. Nc4 a6 14. Nxb6 cxb6 15. a4 Qc7 16. Ba3 Bxf3 17. Bxf3 Nd4 18. Qd1 Qxc3 19. Bg2 Rad8 20. Qb1 Qc2 21. Bb2 Qxb1 22. Raxb1 Ne2+ 23. Kh2 Rd2 24. Rfd1 Rxd1 25. Rxd1 Rc8 26. Rd2 Nc3 27. Rc2 Nfxe4 28. Bxe4 Ra8 1-0

[Event "RUS-ch Women Blitz 2019"]
[Site "Sochi"]
[Date "2019.10.17"]
[Round "2.5"]
[White "Guseva, Marina"]
[Black "Yakimova, Mariya"]
[Result "1-0"]
[ECO "A84"]
[WhiteElo "2366"]
[BlackElo "2276"]
[Annotator "NA"]
[PlyCount "135"]
[EventDate "2019.10.17"]
[EventType "swiss"]
[EventCountry "RUS"]
[SourceTitle "playchess.com"]
[Source "ChessBase"]
[SourceQuality "1"]
[TimeControl "180+2"]

1. d4 f5 2. c4 Nf6 3. Nf3 e6 4. g3 d5 5. Bg2 c6 6. Qc2 Bd6 7. O-O O-O 8. b3 Qe7 9. a4 a5 10. Ba3 Bxa3 11. Rxa3 Na6 12. Ra1 Bd7 13. Nbd2 Nb4 14. Qb2 b6 15. Ne5 Rac8 16. Ndf3 Be8 17. Rac1 Bh5 18. c5 Bxf3 19. Bxf3 Nd7 20. Nxd7 Qxd7 21. cxb6 Qb7 22. Bg2 Qxb6 23. Qd2 Na6 24. Rc3 c5 25. dxc5 Rxc5 26. Re3 Rfc8 27. Qd4 R5c6 28. Qe5 Qc7 29. Qd4 Nb4 30. Qh4 Qd8 31. Qf4 Qc7 32. Qg5 Qd8 33. Qf4 Qc7 34. Re5 Rb6 35. Bf3 Qc3 36. g4 fxg4 37. Bxg4 Rf8 38. Qg3 Qxg3+ 39. hxg3 Kf7 40. Rc1 Nc6 41. Rxe6 Rc8 42. Rd6 Rc7 43. Rxd5 Rcb7 44. Rd7+ Rxd7 45. Bxd7 Nd4 46. Rc7 Nxe2+ 47. Kf1 Nd4 48. Bb5+ Kf6 49. Bc4 Nxb3 50. Kg2 Nd4 51. Rc5 Nc6 52. Bd5 Nb4 53. Be4 Ra6 54. Bxh7 g6 55. Bg8 Nd3 56. Rb5 Ne5 57. Bd5 Ra7 58. f4 Nd7 59. Bf3 Nf8 60. Rb6+ Kg7 61. Be4 Kh6 62. Kf3 Kg7 63. g4 Nd7 64. Rxg6+ Kf7 65. Rh6 Kg7 66. Rh7+ Kf6 67. Bf5 Rc7 68. Rxd7 1-0

[Event "RUS-ch Women Blitz 2019"]
[Site "Sochi"]
[Date "2019.10.20"]
[Round "2.5"]
[White "Gunina, Valentina"]
[Black "Filippova, Darya"]
[Result "1-0"]
[ECO "D45"]
[WhiteElo "2356"]
[BlackElo "2010"]
[Annotator "NA"]
[PlyCount "49"]
[EventDate "2019.10.17"]
[EventType "swiss"]
[EventCountry "RUS"]
[SourceTitle "playchess.com"]
[Source "ChessBase"]
[SourceQuality "1"]
[TimeControl "180+2"]

1. d4 Nf6 2. c4 e6 3. Nf3 d5 4. Nc3 c6 5. e3 Be7 6. Qc2 Nbd7 7. g4 Nxg4 8. Rg1 Ndf6 9. h3 Nh6 10. Rxg7 Nf5 11. Rg1 Nd6 12. c5 Nde4 13. Ne5 Bd7 14. Bd3 Nxc3 15. Qxc3 b6 16. Bd2 Qc7 17. f4 Rf8 18. Ke2 b5 19. a4 Rc8 20. axb5 cxb5 21. Qa5 Nh5 22. Nxd7 Qxa5 23. Rxa5 Kxd7 24. Bxb5+ Kd8 25. Rxa7 1-0

[Event "RUS-ch Women Blitz 2019"]
[Site "Sochi"]
[Date "2019.10.17"]
[Round "2.6"]
[White "Bivol, Alina"]
[Black "Vifleemskaia, Svetlana"]
[Result "1-0"]
[ECO "A30"]
[WhiteElo "2371"]
[BlackElo "1978"]
[Annotator "NA"]
[PlyCount "71"]
[EventDate "2019.10.17"]
[EventType "swiss"]
[EventCountry "RUS"]
[SourceTitle "playchess.com"]
[Source "ChessBase"]
[SourceQuality "1"]
[TimeControl "180+2"]

1. c4 c5 2. Nf3 Nf6 3. g3 d5 4. cxd5 Nxd5 5. Bg2 Nc6 6. Nc3 Nc7 7. O-O e5 8. e3 Be7 9. b3 O-O 10. Bb2 f6 11. Re1 Rb8 12. d4 cxd4 13. exd4 exd4 14. Ne2 d3 15. Ned4 Nxd4 16. Nxd4 Bb4 17. Re3 d2 18. Qc2 Kh8 19. a3 Ba5 20. Rd3 Qe7 21. b4 Qe1+ 22. Bf1 Bb6 23. Rxd2 Qe7 24. Bg2 Bg4 25. h3 Bd7 26. Rad1 Rfd8 27. Re2 Qf7 28. a4 a5 29. bxa5 Bxa5 30. Ba3 Ne6 31. Nf5 Qg6 32. Be4 Qh5 33. h4 Bxa4 34. Qxa4 Qxe2 35. Rxd8+ Rxd8 36. Kg2 1-0

[Event "RUS-ch Women Blitz 2019"]
[Site "Sochi"]
[Date "2019.10.20"]
[Round "2.7"]
[White "Bivol, Alina"]
[Black "Mironenko, Galina"]
[Result "1-0"]
[ECO "A20"]
[WhiteElo "2371"]
[BlackElo "2236"]
[Annotator "NA"]
[PlyCount "119"]
[EventDate "2019.10.17"]
[EventType "swiss"]
[EventCountry "RUS"]
[SourceTitle "playchess.com"]
[Source "ChessBase"]
[SourceQuality "1"]
[TimeControl "180+2"]

1. c4 e5 2. g3 Nc6 3. Bg2 Nf6 4. Nc3 Bc5 5. e3 d5 6. cxd5 Nb4 7. d4 exd4 8. exd4 Be7 9. a3 Nbxd5 10. Nf3 O-O 11. O-O c6 12. Ne5 Be6 13. Re1 Rc8 14. Bd2 c5 15. dxc5 Bxc5 16. Ne4 Nxe4 17. Bxe4 Bd4 18. Nd3 Qb6 19. Qf3 Nf6 20. Bf5 Bxf5 21. Qxf5 Rc2 22. Rad1 Rc6 23. b4 Rcc8 24. Bg5 h6 25. Bxf6 Qxf6 26. Qxf6 Bxf6 27. Nc5 Rc7 28. Rd7 Rxd7 29. Nxd7 Rd8 30. Nxf6+ gxf6 31. Re7 Rd1+ 32. Kg2 Rd3 33. a4 Ra3 34. a5 Rb3 35. Rxb7 a6 36. h4 Kg7 37. Rb6 Kg6 38. Kh3 h5 39. Kg2 Rb2 40. Kf3 Rb3+ 41. Ke2 Rb2+ 42. Ke3 Kf5 43. Kd4 Rb3 44. Kc4 Rb2 45. Rxa6 Rxf2 46. Rd6 Rc2+ 47. Kb3 Rc8 48. b5 Ke5 49. Rd3 Ke4 50. Rd7 Rg8 51. b6 Rxg3+ 52. Kb4 f5 53. b7 Rg1 54. a6 Rb1+ 55. Kc5 f4 56. a7 Rc1+ 57. Kb6 Rb1+ 58. Kc7 Rc1+ 59. Kd8 f3 60. a8=Q 1-0

[Event "RUS-ch Women Blitz 2019"]
[Site "Sochi"]
[Date "2019.10.17"]
[Round "2.7"]
[White "Koroleva, Evgeniya"]
[Black "Sukhareva, Evgeniya"]
[Result "0-1"]
[ECO "A65"]
[WhiteElo "1855"]
[BlackElo "2122"]
[Annotator "NA"]
[PlyCount "97"]
[EventDate "2019.10.17"]
[EventType "swiss"]
[EventCountry "RUS"]
[SourceTitle "playchess.com"]
[Source "ChessBase"]
[SourceQuality "1"]
[TimeControl "180+2"]

1. d4 Nf6 2. c4 e6 3. Nc3 c5 4. d5 exd5 5. cxd5 d6 6. e4 g6 7. h3 Bg7 8. Nf3 a6 9. a4 O-O 10. Bd3 Nh5 11. O-O Nd7 12. Rb1 Rb8 13. Be2 Qe7 14. Bg5 Bf6 15. Bh6 Re8 16. Nd2 Ng7 17. Bd3 Rd8 18. Qc2 Ne8 19. Rbe1 Nc7 20. Bf4 b5 21. Bg3 bxa4 22. Nxa4 Nb5 23. Bxb5 axb5 24. Nc3 c4 25. Nf3 Ba6 26. Ne2 b4 27. Ned4 c3 28. Nc6 Qf8 29. Nxd8 Rxd8 30. b3 Bxf1 31. Rxf1 Qe7 32. Ra1 Ne5 33. Nd4 Qb7 34. Bxe5 Bxe5 35. Nc6 Re8 36. g3 Bg7 37. Ra4 Qd7 38. Kg2 f5 39. Rxb4 Qf7 40. f3 fxe4 41. fxe4 Rf8 42. h4 Qf1+ 43. Kh2 Rf2+ 44. Qxf2 Qxf2+ 45. Kh3 c2 46. Rb7 c1=R 47. Ne7+ Kf8 48. Nxg6+ hxg6 49. Rb8+ 0-1

[Event "RUS-ch Women Blitz 2019"]
[Site "Sochi"]
[Date "2019.10.17"]
[Round "2.8"]
[White "Lysenko, Margarita"]
[Black "Gutkovich, Polina"]
[Result "1-0"]
[ECO "A67"]
[WhiteElo "2243"]
[BlackElo "2105"]
[Annotator "NA"]
[PlyCount "71"]
[EventDate "2019.10.17"]
[EventType "swiss"]
[EventCountry "RUS"]
[SourceTitle "playchess.com"]
[Source "ChessBase"]
[SourceQuality "1"]
[TimeControl "180+2"]

1. d4 Nf6 2. c4 e6 3. Nc3 c5 4. d5 exd5 5. cxd5 d6 6. e4 g6 7. f4 Bg7 8. Bb5+ Nfd7 9. Bd3 O-O 10. Nf3 Na6 11. O-O Nf6 12. Re1 Re8 13. h3 Nc7 14. a4 a6 15. Bc4 Rb8 16. e5 Nh5 17. a5 b5 18. axb6 Rxb6 19. Ne4 Nxf4 20. Bxf4 dxe5 21. Be3 Rxb2 22. Ra2 Rb4 23. Qc1 Bf5 24. Ng3 Rb1 25. Qd2 Rxe1+ 26. Qxe1 Nxd5 27. Nxf5 gxf5 28. Bg5 Qd7 29. Rd2 e4 30. Rxd5 Qc8 31. Nd2 h6 32. Bf4 Bd4+ 33. Kh2 Qe6 34. Qg3+ Qg6 35. Qxg6+ fxg6 36. Rxd4+ 1-0